 Dungeon Crawl Stone Soup version 0.31.0-32-g396128a36d (webtiles) character file.

Game seed: 15159216023555543794

435612 bearlyready the Axe Maniac (level 23, -12/218 HPs)
             Began as a Hill Orc Berserker on Mar 27, 2024.
             Was the Champion of Trog.
             Mangled by a white very ugly thing (17 damage)
             ... summoned by a glowing orange brain
             ... on level 3 of the Depths on Mar 28, 2024.
             The game lasted 01:33:58 (43820 turns).

bearlyready the Axe Maniac (Hill Orc Berserker)    Turns: 43820, Time: 01:33:58

Health: -12/218    AC: 29    Str: 31    XL:     23   Next: 66%
Magic:  0/23       EV: 20    Int: 12    God:    Trog [******]
Gold:   5142       SH:  0    Dex: 20    Spells: 22/22 levels left

rFire   . . .        u - +7 executioner's axe (flame)
rCold   . . .        (shield currently unavailable)
rNeg    . . .        I - +6 ring mail of a wizard's laboratory {+Inv Dex+4 Slay+3}
rPois   +            D - +2 helmet of Suytead {rPois rCorr Int+5 Dex+3}
rElec   +            w - +3 cloak of Quatay {rElec}
rCorr   +            f - +0 pair of gloves
SInv    .            c - +2 pair of boots of the Assorted Beds {Stlth+}
Will    +....        g - amulet of guardian spirit
Stlth   ++           x - ring "Miatait" {rPois Dex+3 Slay+3}
HPRegen 0.56/turn    Q - +4 ring of slaying
MPRegen 0.18/turn

%: guardian spirit
@: afraid, studying 2 skills
A: no striking features
}: 3/15 runes: barnacled, abyssal, gossamer
a: Renounce Religion, Evoke Invisibility, Berserk, Trog's Hand, Brothers in Arms


You were on level 3 of the Depths.
You worshipped Trog.
Trog was exalted by your worship.
You visited 9 branches of the dungeon, and saw 41 of its levels.
You visited the Abyss 3 times.
You also visited: Trove and Wizlab.

You collected 6949 gold pieces.
You spent 1807 gold pieces at shops.

Inventory:

Hand Weapons
 u - a +7 executioner's axe of flaming (weapon)
Missiles
 b - 18 silver javelins
 B - 41 boomerangs (quivered)
 M - 4 throwing nets
 V - 5 javelins
Armour
 c - the +2 pair of boots of the Assorted Beds (worn) {Stlth+}
   (You found it on level 4 of the Shoals)

   Stlth+:    It makes you more stealthy.
 f - a +0 pair of gloves (worn)
 w - the +3 cloak of Quatay (worn) {rElec}
   (You acquired it on level 4 of the Spider Nest)

   rElec:     It insulates you from electricity.
 D - the +2 helmet of Suytead (worn) {rPois rCorr Int+5 Dex+3}
   (You found it on level 6 of the Dungeon)

   Int+5:     It affects your intelligence (+5).
   Dex+3:     It affects your dexterity (+3).
   rPois:     It protects you from poison rCorr: It protects you from acid and
   corrosion.
 I - the +6 ring mail of a wizard's laboratory (worn) {+Inv Dex+4 Slay+3}
   (You bought it in a shop on level 1 of the Shoals)

   Dex+4:     It affects your dexterity (+4).
   Slay+3:    It affects your accuracy & damage with ranged weapons and melee
   (+3).
   +Inv:      It lets you turn invisible.
Jewellery
 g - an amulet of guardian spirit (around neck)
 p - the amulet "Viggev" {Faith Fly rN+ Dex-2}
   (You found it in a treasure trove)

   [amulet of faith]

   Faith:     It allows you to gain divine favour quickly.
   Dex-2:     It affects your dexterity (-2).
   rN+:       It protects you from negative energy.
   Fly:       It grants you flight.
 x - the ring "Miatait" (left hand) {rPois Dex+3 Slay+3}
   (You acquired it on level 1 of the Shoals)

   [ring of poison resistance]

   Dex+3:     It affects your dexterity (+3).
   Slay+3:    It affects your accuracy & damage with ranged weapons and melee
   (+3).
   rPois:     It protects you from poison
 E - a +4 ring of protection
 L - the ring of Pyerabla {Fire Will+ MP+9 Int+2}
   (You found it on level 7 of the Dungeon)

   [ring of fire]

   Fire:      It enhances your fire magic.
   Int+2:     It affects your intelligence (+2).
   rF+:       It protects you from fire.
   rC-:       It makes you vulnerable to cold.
   Will+:     It increases your willpower.
   MP+9:      It affects your magic capacity (+9).
 Q - a +4 ring of slaying (right hand)
 T - the ring "Rieppijalom" {rC+ EV+5}
   (You found it on level 3 of the Elven Halls)

   [ring of evasion]

   EV+5:      It affects your evasion (+5).
   rC+:       It protects you from cold.
Wands
 e - a wand of digging (5)
 n - a wand of roots (26)
 r - a wand of flame (12)
 s - a wand of polymorph (1)
 z - a wand of quicksilver (16)
 G - a wand of mindburst (11)
 Z - a wand of paralysis (19)
Scrolls
 h - 5 scrolls of poison
 j - 5 scrolls of enchant armour
 l - 9 scrolls of fog
 m - 4 scrolls of blinking
 q - 8 scrolls of revelation
 y - 7 scrolls of teleportation
 N - a scroll of enchant weapon
 R - 4 scrolls of brand weapon
 U - 23 scrolls of identify
 W - 5 scrolls of immolation
 Y - 6 scrolls of fear
Potions
 a - 7 potions of haste
 d - 19 potions of curing
 i - 4 potions of resistance
 k - a potion of mutation
 o - 15 potions of brilliance
 t - 4 potions of invisibility
 v - 3 potions of enlightenment
 A - 2 potions of magic
 C - 2 potions of heal wounds
 H - 13 potions of might
 J - 3 potions of lignification
 K - a potion of cancellation
 O - 6 potions of ambrosia
 S - 16 potions of attraction
Miscellaneous
 F - a box of beasts (inert)


   Skills:
 + Level 20.8 Fighting
 O Level 27 Axes
 - Level 10.0 Throwing
 + Level 18.6 Armour
 + Level 12.9 Dodging
 + Level 18.2 Evocations


You had 22 spell levels left.
You didn't know any spells.
Your spell library was empty.

Dungeon Overview and Level Annotations

Branches:
Dungeon (15/15)            Temple (1/1) D:5            Lair (5/5) D:9
 Shoals (4/4) Lair:3       Spider (4/4) Lair:3        Slime (0/5) Lair:4
    Orc (2/2) D:11            Elf (3/3) Orc:2        Vaults (4/5) D:13
  Crypt (0/3) Vaults:3     Depths (3/4) D:15         WizLab (visited)

Altars:
Ashenzari
Cheibriados
Dithmenos
Elyvilon
Fedhas
Gozag
Hepliaklqana
Kikubaaqudgha
Makhleb
Nemelex Xobeh
Okawaru
Qazlal
Ru
Sif Muna
Trog
Uskayaw
Vehumet
Wu Jian
Xom
Yredelemnul
Zin
The Shining One
Beogh

Shops:
D:4 (   D:6 =   D:7 ?   D:8 [   Orc:1 [   Orc:2 (([(   Elf:2 =   Elf:3 [==:
Shoals:1 [

Portals:
Hell: Depths:1 Depths:2 Depths:3
Abyss: Depths:3
Pandemonium: Depths:2
Ziggurat: Depths:1

Annotations:
D:9 Jeremiah
Elf:2 3 runed translucent doors


Message History

You shout for attention!
The cyan very ugly thing gurgles horribly!
The vampire knight dissolves into shadows!
The white very ugly thing bites you. The white very ugly thing freezes you!!
The cyan very ugly thing basks in the mutagenic energy from its kin and changes!
The white very ugly thing gores you but does no damage.
What are your orders? t - Shout!
Orders for allies: a - Attack new target. r - Retreat! s - Stop attacking. g - Guard the area. f - Follow me.
Anything else - Cancel.
Okay, then.
You attempt to attack the glowing orange brain, but flinch away in fear!
The glowing orange brain pulsates.
Something gnaws on your mind!
You feel your power leaking away.
You attempt to attack the glowing orange brain, but flinch away in fear!
The white very ugly thing bites you but does no damage.
The white very ugly thing gores you.
The white very ugly thing freezes you!!!
* * * LOW HITPOINT WARNING * * *
You slice the glowing orange brain!! You burn the glowing orange brain.
The glowing orange brain is severely wounded.
You closely miss the white very ugly thing.
You slice the cyan very ugly thing!! You burn the cyan very ugly thing.
You carve the cyan very ugly thing like a ham!!!
You burn the cyan very ugly thing! You slice the white very ugly thing!!
You burn the white very ugly thing!
The cyan very ugly thing closely misses you.
The cyan very ugly thing bites you.
* * * LOW HITPOINT WARNING * * *
The cyan very ugly thing shocks you. You resist.
* * * LOW HITPOINT WARNING * * *
The white very ugly thing bites you.
* * * LOW HITPOINT WARNING * * *
The white very ugly thing freezes you!!
* * * LOW HITPOINT WARNING * * *
The white very ugly thing gores you!
You die...

*,,* #..# #..# *,,* #..# #..#
***,,**##########..########..####
,,,,,,,.........)................
,,,,,,,..........................
*******..######uC.....>..######..
*,,* #.u.....^..# #.. *,,*
#Guu.......# #.. *,,*
#.@........# ####..
*******,,*****#u.u.......###.....
,,,,,,,,,,,,,..u.............##..
,,,,,,,,,,,...[..............##..
######..#*######$.#######..#..)#.
######..#******#..#*#####..#....#
..........,,,,,....,.........#...
..........,,,,,....,...........#.
#.♣.......*,*,*,,,,,♣.♣..##......


You could see 6 very ugly things, a white ugly thing (summoned), an ettin
(summoned) and a glowing orange brain (scary).

Vanquished Creatures
  An ancient lich (Abyss:4)
  Jorgrun (Shoals:1)
  Rupert (D:13)
  A titan (Depths:3)
  3 liches
  The ghost of Tripartite the Executioner, an adept FoFi of Okawaru (Shoals:4)
  A walking divine tome (Depths:1)
  3 sphinxes
  2 deep elf blademasters
  3 deep elf master archers
  An ancient champion (Vaults:3)
  6 tentacled starspawn
  A kraken (Shoals:3)
  Kirke (D:13)
  2 tengu reavers
  2 shadow dragons
  3 deep elf sorcerers
  4 frost giants
  An iron dragon (Depths:1)
  2 fire giants
  4 deep elf elementalists (Elf:3)
  8 vault wardens
  6 ghost moths
  An angel (Abyss:4)
  6 emperor scorpions
  12 ironbound preservers
  Louise (Shoals:1)
  A broodmother (Spider:1)
  An orc warlord (Orc:2)
  7 ironbound thunderhulks
  3 formless jellyfish
  17 very ugly things
  4 stone giants
  2 ophanim (Abyss:4)
  Nessos (D:13)
  3 deep elf demonologists (Elf:3)
  7 deep elf death magi
  A vampire knight (Depths:1)
  8 deep elf annihilators
  2 war gargoyles (Vaults:4)
  2 spark wasps
  16 dire elephants
  Azrael (D:13)
  An orange crystal statue (WizLab)
  An eidolon (Abyss:4)
  5 ettins
  A merfolk javelineer (Shoals:3)
  3 crystal guardians
  A merfolk impaler (Shoals:4)
  5 entropy weavers
  3 great orbs of eyes
  4 deep elf high priests
  10 yaktaur captains
  An ice dragon (Depths:1)
  3 hydras
  7 fire dragons
  Erolcha (D:13)
  4 peacekeepers
  3 vault guards (Vaults:2)
  A rakshasa (Depths:1)
  A jorogumo (Spider:2)
  The ghost of hawla the Carver, a journeyman MiMo of Yredelemnul (D:10)
  An alligator snapping turtle (Shoals:4)
  6 catoblepae
  10 centaur warriors
  3 merfolk avatars
  A boulder beetle (Vaults:1)
  A merfolk aquamancer (Shoals:4)
  11 ironbound frosthearts
  8 dancing weapons
  17 death yaks
  6 two-headed ogres
  4 tengu warriors
  2 radroaches (Spider:2)
  3 deep troll shamans (Depths:2)
  2 satyrs (Shoals:4)
  12 demonic crawlers
  3 orc high priests
  4 deep troll earth magi (Depths:2)
  Urug (D:11)
  3 hell hogs (Abyss:3)
  3 deep elf knights
  6 spriggans (Depths:2)
  4 hell knights (Abyss:3)
  3 spriggan berserkers
  2 fire crabs (Lair:5)
  8 skeletal warriors
  A wretched star (Abyss:3)
  6 iron trolls (Depths:2)
  8 pharaoh ants
  7 skysharks
  A sun demon (Depths:3)
  14 sea snakes
  The ghost of systembuster the Carver, a novice BaFi of Okawaru (D:7)
  A death drake (Abyss:4)
  A sixfirhy (Depths:2)
  A cherub (Abyss:4)
  26 deep trolls
  3 glowing orange brains
  10 orb spiders
  5 flayed ghosts
  A sun moth (Spider:3)
  15 ironbound convokers
  4 phantasmal warriors
  2 arcanists
  6 harpies
  6 deep elf archers
  10 lindwurms
  13 deep elf pyromancers
  6 steelbarb worms
  6 orc knights
  6 necromancers
  14 deep elf zephyrmancers
  15 wolf spiders
  6 cyclopes
  27 ugly things
  3 meliai (Spider:4)
  An orc sorcerer (Orc:1)
  Maurice (D:9)
  A tengu skeleton (Vaults:3)
  3 human skeletons (Vaults:3)
  A moth of wrath (Spider:3)
  5 fauns (Shoals:4)
  7 kobold blastminers
  6 merfolk sirens
  9 manticores
  10 elephants (Lair:3)
  A fire giant skeleton (Vaults:3)
  11 apocalypse crabs (Depths:2)
  10 black mambas
  3 water nymphs
  A stone giant skeleton (Vaults:3)
  Joseph (Lair:1)
  18 vault sentinels
  A smoke demon (Abyss:3)
  10 cane toads
  3 torpor snails
  4 rime drakes
  An orange demon (Abyss:4)
  6 komodo dragons
  An unseen horror (D:12)
  A freezing wraith (D:10)
  2 efreet
  5 tengu conjurers
  27 yaktaurs
  2 yaktaur skeletons (Vaults:3)
  2 ancient zymes (Abyss:3)
  2 guardian mummies (Depths:2)
  Psyche (D:11)
  15 merfolk
  7 trolls
  A queen bee (shapeshifter) (D:15)
  4 polar bears
  9 hornets
  4 wind drakes
  18 tarantellas
  An iron dragon simulacrum (Abyss:4)
  5 snapping turtles
  10 dream sheep
  5 raiju
  6 blink frogs
  5 shadows
  21 culicivoras
  19 slime creatures
  An ettin skeleton (Vaults:3)
  2 wraiths
  13 jumping spiders
  4 vampires
  Sigmund (D:2)
  5 air elementals
  5 wyverns
  60 yaks
  2 merfolk skeletons (Shoals:3)
  4 basilisks
  2 hogs (D:13)
  8 water elementals
  3 ynoxinuls
  2 starcursed masses (Abyss:4)
  A steam dragon (D:6)
  4 wargs
  4 fire elementals (D:13)
  16 humans (D:13)
  Grum (D:10)
  A warg (shapeshifter) (D:14)
  3 fire bats (Abyss:3)
  14 vampire mosquitoes
  45 redbacks
  The ghost of Natenado the Magician, an amateur DjFE (D:5)
  5 acid dragons
  4 hell hounds
  17 water moccasins
  3 laughing skulls (Abyss:4)
  35 orc warriors
  5 ice beasts
  A black bear (D:8)
  5 small abominations (Abyss:3)
  9 ogres
  13 wolves
  8 centaurs
  A phantom (D:6)
  10 bullfrogs
  2 earth elementals (Elf:3)
  2 gnoll sergeants
  9 scorpions
  A kobold brigand (D:12)
  5 wights
  A hornet simulacrum (D:7)
  7 electric eels
  5 howler monkeys
  A bombardier beetle (D:3)
  A wyvern simulacrum (D:7)
  6 hounds
  2 jellies (D:6)
  12 orc priests
  2 gnoll boudas
  Jessica (D:2)
  6 iguanas
  3 sleepcaps
  Natasha (thrice) (D:3)
  23 orc wizards
  A centaur simulacrum (D:7)
  A bullfrog simulacrum (D:7)
  11 adders
  18 gnolls
  2 white imps
  4 dart slugs
  3 ribbon worms
  88 orcs
  5 ball pythons
  5 bats
  6 endoplasms
  4 giant cockroaches
  9 goblins
  4 hobgoblins
  6 jackals
  10 kobolds
  5 quokkas
  3 frilled lizards
  7 rats
  4 starspawn tentacles
  2 tentacles (Shoals:3)
1454 creatures vanquished.

Vanquished Creatures (collateral kills)
  A juggernaut (Abyss:4)
  A walking frostbound tome (Depths:3)
  A tentacled starspawn (Abyss:4)
  An emperor scorpion (Spider:4)
  A ghost moth (Spider:4)
  A broodmother (Spider:1)
  A dire elephant (Vaults:1)
  A great orb of eyes (Vaults:1)
  4 ironbound frosthearts (Vaults:1)
  A cherub (Abyss:4)
  A wretched star (Abyss:4)
  An orb spider (Spider:1)
  2 ironbound convokers (Vaults:1)
  2 manticores (Shoals:4)
  4 wolf spiders (Spider:1)
  A smoke demon (Abyss:4)
  3 vault sentinels (Vaults:1)
  2 yaktaurs (Vaults:1)
  A merfolk (Shoals:4)
  A hornet (Spider:4)
  A tarantella (Spider:1)
  A jumping spider (Spider:1)
  A steam dragon (D:7)
  A redback (Spider:1)
  A centaur (D:10)
36 creatures vanquished.

Vanquished Creatures (others)
  3 humans (D:13)
  A centaur (D:10)
  10 starspawn tentacles
  2 tentacles (Shoals:3)
16 creatures vanquished.

Grand Total: 1506 creatures vanquished

Notes
Turn   | Place    | Note
-------+----------+-------------------------------------------
     0 | D:1      | bearlyready the Hill Orc Berserker began the quest for the
                  | Orb.
     0 | D:1      | Reached XP level 1. HP: 19/19 MP: 1/1
   238 | D:1      | Reached XP level 2. HP: 23/26 MP: 2/2
   446 | D:1      | Reached skill level 5 in Axes
   644 | D:1      | Reached XP level 3. HP: 31/31 MP: 3/3
  1163 | D:2      | Reached ** piety under Trog
  1166 | D:2      | Noticed Jessica
  1174 | D:2      | Killed Jessica
  1175 | D:2      | Reached skill level 6 in Axes
  1185 | D:2      | Reached XP level 4. HP: 39/39 MP: 4/4
  1266 | D:2      | Noticed Sigmund
  1280 | D:2      | Killed Sigmund
  1281 | D:2      | Reached skill level 8 in Axes
  1281 | D:2      | Reached XP level 5. HP: 45/45 MP: 5/5
  1547 | D:2      | Reached XP level 6. HP: 51/51 MP: 6/6
  1676 | D:3      | Noticed Natasha
  1682 | D:3      | Killed Natasha
  1714 | D:3      | Noticed Natasha
  1721 | D:3      | Reached skill level 9 in Axes
  1728 | D:3      | Killed Natasha
  1874 | D:3      | Found a faded altar of an unknown god.
  2164 | D:3      | Noticed Natasha
  2173 | D:3      | Killed Natasha
  2174 | D:3      | Reached skill level 10 in Axes
  2174 | D:3      | Reached XP level 7. HP: 52/57 MP: 7/7
  2317 | D:4      | Reached *** piety under Trog
  2324 | D:4      | Reached skill level 1 in Throwing
  2614 | D:4      | Found Mudadidex's Weapon Shop.
  3048 | D:5      | Entered Level 5 of the Dungeon
  3066 | D:5      | Reached skill level 11 in Axes
  3163 | D:5      | Reached XP level 8. HP: 39/64 MP: 8/8
  3298 | D:5      | Found a staircase to the Ecumenical Temple.
  3348 | Temple   | Entered the Ecumenical Temple
  3508 | D:5      | Found a broken altar of Ashenzari.
  3515 | D:5      | Found an ornate altar of the Wu Jian Council.
  3550 | D:5      | Found a runed translucent door.
  3586 | D:5      | Noticed Natenado's ghost (amateur DjFE)
  3630 | D:5      | Found a basalt altar of Yredelemnul.
  3638 | D:5      | Found a shimmering blue altar of Sif Muna.
  3803 | D:5      | Killed Natenado's ghost
  3803 | D:5      | Reached **** piety under Trog
  3878 | D:6      | Reached skill level 12 in Axes
  3948 | D:6      | Reached skill level 5 in Throwing
  4108 | D:6      | Reached XP level 9. HP: 64/70 MP: 9/9
  4166 | D:6      | Reached skill level 1 in Evocations
  4174 | D:6      | Found Wuvyah Gyluo's Jewellery Shop.
  4359 | D:6      | Found a shimmering altar of Xom.
  4359 | D:6      | Found a glowing silver altar of Zin.
  4362 | D:6      | Noticed an angel
  4381 | D:6      | Reached skill level 13 in Axes
  4618 | D:6      | Identified the +2 helmet of Suytead {rPois rCorr Int+5
                  | Dex+3}
  4885 | D:7      | Found Lacot's Magic Scroll Shop.
  4965 | D:7      | Bought a scroll of blinking for 97 gold pieces
  4965 | D:7      | Bought a scroll of teleportation for 39 gold pieces
  4965 | D:7      | Bought a scroll of identify for 26 gold pieces
  4965 | D:7      | Bought a scroll of enchant weapon for 97 gold pieces
  4987 | D:7      | Identified the +11 short sword "Paij" {drain, Fly rC- rCorr
                  | Int+4}
  4992 | D:7      | Noticed systembuster's ghost (novice BaFi)
  5020 | D:7      | Found a runed translucent gate.
  5020 | D:7      | Found a runed translucent gate.
  5020 | D:7      | Found a runed translucent gate.
  5564 | D:7      | Reached skill level 14 in Axes
  5681 | D:8      | Reached skill level 5 in Evocations
  5850 | D:8      | Reached XP level 10. HP: 77/77 MP: 10/10
  6019 | D:8      | Found Dakligg's Armour Shop.
  6384 | D:9      | Reached skill level 15 in Axes
  6485 | D:9      | Identified the +0 ring mail "Idyah" {-Cast rElec rN++ SInv}
  6746 | D:9      | Found a stormy altar of Qazlal.
  6779 | D:9      | Found a staircase to the Lair.
  6876 | D:9      | Noticed Jeremiah
  6883 | D:9      | You fall into a shaft and drop 2 floors!
  7043 | D:11     | Noticed a two-headed ogre
  7058 | D:11     | Killed a two-headed ogre
  7081 | D:11     | Noticed Urug
  7103 | D:11     | Killed Urug
  7104 | D:11     | Reached skill level 16 in Axes
  7138 | D:10     | Entered Level 10 of the Dungeon
  7254 | D:10     | Reached XP level 11. HP: 70/82 MP: 11/11
  7276 | D:10     | Found a runed translucent door.
  7276 | D:10     | Noticed hawla's ghost (journeyman MiMo)
  7643 | D:10     | Reached skill level 17 in Axes
  7708 | D:10     | Noticed a two-headed ogre
  7727 | D:10     | Killed a two-headed ogre
  7763 | D:10     | Noticed an arcanist
  7763 | D:10     | Noticed a tengu warrior
  7824 | D:9      | Noticed Maurice
  7825 | D:9      | Paralysed by Maurice for 2 turns
  7846 | D:9      | Something stole an amulet of magic regeneration
  8034 | D:9      | Maurice stole the +11 short sword "Paij" {drain, Fly rC-
                  | rCorr Int+4}
  8047 | D:9      | Maurice stole a talisman of death
  8052 | D:9      | Killed Maurice
  8120 | D:9      | HP: 1/123 [vampire/vampiric draining (19)]
  8682 | D:9      | Found a sacrificial altar of Ru.
  8683 | D:9      | Found an ancient bone altar of Kikubaaqudgha.
  8806 | D:10     | Noticed a two-headed ogre
  8980 | D:10     | Killed a tengu warrior
  8981 | D:10     | Reached skill level 10 in Evocations
  8982 | D:10     | Killed an arcanist
  9037 | D:10     | Killed a two-headed ogre
  9096 | D:10     | Noticed Grum
  9104 | D:10     | Killed Grum
  9108 | D:10     | Reached XP level 12. HP: 85/92 MP: 12/12
  9393 | D:10     | Killed hawla's ghost
  9394 | D:10     | Reached skill level 18 in Axes
  9395 | D:10     | Identified the +3 orcbow of Abuse {flame, Dex+2}
  9538 | D:11     | Reached skill level 5 in Fighting
  9552 | D:11     | Noticed a two-headed ogre
  9564 | D:11     | Killed a two-headed ogre
  9611 | D:11     | Noticed Psyche
  9624 | D:11     | Killed Psyche
  9833 | D:11     | Noticed a two-headed ogre
  9840 | D:11     | Killed a two-headed ogre
  9935 | D:11     | Found a staircase to the Orcish Mines.
 10293 | D:12     | Noticed a two-headed ogre
 10339 | D:12     | Killed a two-headed ogre
 10917 | D:13     | Noticed Nessos
 10917 | D:13     | Noticed Rupert
 10917 | D:13     | Found a gate to the Vaults.
 10918 | D:13     | Noticed Azrael
 10964 | Orc:1    | Entered Level 1 of the Orcish Mines
 11141 | Orc:2    | Entered Level 2 of the Orcish Mines
 11416 | Orc:2    | Reached ***** piety under Trog
 11453 | Orc:2    | Found a staircase to the Elven Halls.
 11481 | Orc:2    | Found a roughly hewn altar of Beogh.
 11562 | Orc:2    | Found a roughly hewn altar of Beogh.
 11566 | Orc:2    | Identified the +6 executioner's axe of Odghoaf {flame,
                  | rPois} (Trog gifted it to you on level 2 of the Orcish
                  | Mines)
 11566 | Orc:2    | Received a gift from Trog
 11626 | Orc:2    | Found Haalapp's Weapon Boutique.
 11702 | Orc:2    | Found a roughly hewn altar of Beogh.
 11703 | Orc:2    | Found Ciala's Weapon Boutique.
 11719 | Orc:2    | Reached XP level 13. HP: 26/105 MP: 13/13
 11801 | Orc:2    | Found a roughly hewn altar of Beogh.
 11976 | Orc:2    | Found a roughly hewn altar of Beogh.
 12096 | Orc:2    | Found a roughly hewn altar of Beogh.
 12104 | Orc:2    | Reached skill level 19 in Axes
 12200 | Orc:2    | Found a roughly hewn altar of Beogh.
 12307 | Orc:2    | Noticed an orc warlord
 12325 | Orc:2    | Killed an orc warlord
 12378 | Orc:2    | Found Hexig's Antique Armour Boutique.
 12379 | Orc:2    | Found a roughly hewn altar of Beogh.
 12380 | Orc:2    | Found Selya's Antique Weapon Shop.
 12554 | Orc:1    | Reached skill level 5 in Armour
 12716 | Orc:1    | Found Ebacit's Armour Shoppe.
 12947 | Lair:1   | Entered Level 1 of the Lair of Beasts
 13247 | Lair:1   | Noticed Joseph
 13265 | Lair:1   | Killed Joseph
 13946 | Lair:2   | Received a gift from Trog
 14413 | Lair:2   | Reached XP level 14. HP: 109/119 MP: 14/14
 14848 | Lair:3   | Found a staircase to the Shoals.
 14945 | Lair:3   | Reached skill level 5 in Dodging
 14982 | Lair:3   | Found a hole to the Spider Nest.
 14991 | Lair:3   | Reached skill level 10 in Fighting
 15080 | Lair:3   | Reached skill level 20 in Axes
 15616 | Lair:3   | Received a gift from Trog
 16397 | Lair:4   | Found a staircase to the Slime Pits.
 16441 | Lair:4   | Identified the +3 chain mail of Decompression {Will+ Str-5
                  | Dex+7 SInv}
 16567 | Lair:4   | Identified the +4 falchion "Anabodo" {pain, Dex+3}
 16808 | Lair:5   | Entered Level 5 of the Lair of Beasts
 16853 | Lair:5   | Reached XP level 15. HP: 108/132 MP: 15/15
 17121 | Lair:5   | Reached skill level 21 in Axes
 17360 | Lair:5   | Received a gift from Trog
 17531 | Lair:5   | Reached skill level 10 in Armour
 18292 | D:7      | Got the ring of Pyerabla {Fire Will+ MP+9 Int+2}
 18316 | D:7      | Killed systembuster's ghost
 18735 | D:13     | Noticed Erolcha
 18739 | D:13     | Killed Erolcha
 18779 | D:13     | Noticed Kirke
 18807 | D:13     | Killed Kirke
 18908 | D:13     | Reached ****** piety under Trog
 18926 | D:13     | Killed Rupert
 18965 | D:13     | Received a gift from Trog
 19002 | D:13     | Killed Azrael
 19140 | D:13     | Killed Nessos
 19631 | D:14     | Reached XP level 16. HP: 118/144 MP: 16/16
 20527 | D:15     | Entered Level 15 of the Dungeon
 20712 | D:15     | Reached skill level 22 in Axes
 20967 | D:15     | Found a staircase to the Depths.
 21563 | Spider:1 | Entered Level 1 of the Spider Nest
 22012 | Orc:2    | Bought a fine scale mail for 306 gold pieces
 22012 | Orc:2    | Identified the +0 scale mail of Qazlal's Whim {Str+2} (You
                  | bought it in a shop on level 2 of the Orcish Mines)
 22329 | Spider:1 | Received a gift from Trog
 24279 | Spider:3 | Reached XP level 17. HP: 154/154 MP: 17/17
 24370 | Spider:3 | Received a gift from Trog
 24478 | Spider:3 | Reached skill level 15 in Fighting
 24774 | Spider:3 | Reached skill level 23 in Axes
 25232 | Spider:4 | Entered Level 4 of the Spider Nest
 25620 | Spider:4 | HP: 6/156 [disintegration (41)]
 25891 | Spider:4 | Identified a scroll of acquirement
 25892 | Spider:4 | Acquired the +3 cloak of Quatay {rElec}
 26574 | Spider:4 | Got a gossamer rune of Zot
 26730 | Shoals:1 | Entered Level 1 of the Shoals
 26859 | Shoals:1 | Noticed Louise
 26878 | Abyss:3  | Cast into level 3 of the Abyss (Louise)
 26899 | Shoals:1 | Escaped the Abyss
 26907 | Shoals:1 | Killed Louise
 26925 | Shoals:1 | Found Ycoycith's Armour Emporium.
 26940 | Shoals:1 | Bought the +6 ring mail of a wizard's laboratory {+Inv
                  | Dex+4 Slay+3} for 1242 gold pieces
 26966 | Shoals:1 | Identified the +3 hat "Ytilinakk" {rElec rC+}
 27032 | Shoals:1 | Acquired the ring "Miatait" {rPois Dex+3 Slay+3}
 27160 | Shoals:1 | Noticed Jorgrun
 27176 | Shoals:1 | Killed Jorgrun
 27848 | Shoals:2 | Reached XP level 18. HP: 152/166 MP: 18/18
 28441 | Shoals:4 | Entered Level 4 of the Shoals
 28441 | Shoals:4 | Noticed Tripartite's ghost (adept FoFi)
 28441 | Shoals:4 | Found a runed translucent door.
 28463 | Shoals:4 | Acquired 390 gold pieces
 28596 | Shoals:4 | Received a gift from Trog
 28674 | Shoals:4 | Found a runed translucent door.
 28677 | Shoals:4 | Reached skill level 24 in Axes
 29195 | Shoals:4 | Got a barnacled rune of Zot
 29435 | Shoals:4 | Identified the +2 pair of boots of the Assorted Beds
                  | {Stlth+}
 29452 | Shoals:4 | Identified the -2 helmet of Fedhas's Esteem {rElec Dex+3
                  | SInv Stlth+}
 29748 | Shoals:4 | Killed Tripartite's ghost
 30012 | Vaults:1 | Entered Level 1 of the Vaults
 30023 | Vaults:1 | Reached skill level 15 in Evocations
 30091 | Vaults:1 | Received a gift from Trog
 30262 | Vaults:1 | Reached skill level 15 in Armour
 30292 | Vaults:1 | Received a gift from Trog
 30660 | Vaults:1 | Paralysed by a sphinx for 5 turns
 30667 | Vaults:1 | Reached XP level 19. HP: 147/177 MP: 19/19
 31278 | Vaults:2 | Found the ring of Shadows {Umbra +Inv Stlth+}
 31738 | Vaults:2 | Received a gift from Trog
 32149 | Vaults:2 | Reached skill level 25 in Axes
 32729 | Vaults:2 | Identified the +11 battleaxe of Fury {heavy, rPois rF- rC+
                  | Str+7} (Trog gifted it to you on level 2 of the Vaults)
 32729 | Vaults:2 | Received a gift from Trog
 33079 | Vaults:3 | Reached XP level 20. HP: 189/189 MP: 20/20
 33116 | Vaults:3 | Reached skill level 10 in Dodging
 33713 | Vaults:3 | Received a gift from Trog
 33796 | Vaults:3 | Found a staircase to the Crypt.
 34898 | Vaults:4 | Received a gift from Trog
 35220 | Elf:1    | Entered Level 1 of the Elven Halls
 35959 | Elf:2    | Identified the +2 robe of Xufa {rElec rCorr MP-9 Int+2}
 35999 | Elf:2    | Found a runed translucent gate.
 36000 | Elf:2    | Found a runed translucent gate.
 36043 | Elf:2    | Found a runed translucent gate.
 36262 | Elf:2    | Found Dereemaamn's Jewellery Emporium.
 36405 | Elf:3    | Entered Level 3 of the Elven Halls
 36789 | Abyss:3  | Cast into level 3 of the Abyss (a deep elf demonologist)
 36840 | Abyss:3  | Received a gift from Trog
 36875 | Abyss:3  | Found a corrupted altar of Lugonu.
 36950 | Abyss:3  | Reached skill level 26 in Axes
 37003 | Abyss:3  | Reached XP level 21. HP: 171/198 MP: 21/21
 37113 | Elf:3    | Escaped the Abyss
 37459 | Abyss:3  | Cast into level 3 of the Abyss (a deep elf demonologist)
 37563 | Abyss:4  | Noticed an ancient lich
 37584 | Abyss:4  | Killed an ancient lich
 37586 | Abyss:4  | Received a gift from Trog
 37605 | Abyss:4  | Found a glowing golden altar of the Shining One.
 37628 | Abyss:4  | Noticed a juggernaut
 37634 | Abyss:4  | Got an abyssal rune of Zot
 37638 | Abyss:4  | Killed a juggernaut
 37641 | Abyss:4  | Found a glowing golden altar of the Shining One.
 37662 | Abyss:4  | Noticed a bone dragon
 37664 | Elf:3    | Escaped the Abyss
 38228 | Elf:3    | Found the +10 morningstar "Eos" {elec, Halo rElec}
 38231 | Elf:3    | Identified the ring "Rieppijalom" {rC+ EV+5}
 38246 | Elf:3    | Found the ring of the Mage {Wiz Archmagi}
 38353 | Elf:3    | Identified the +0 buckler "Tekluco" {rN+}
 38663 | Elf:3    | Found Jiolappin's Antique Armour Boutique.
 38786 | Elf:3    | Found Widaoxt's Jewellery Boutique.
 38789 | Elf:3    | Found Nosu's Book Shoppe.
 38790 | Elf:3    | Found Hueseont's Jewellery Boutique.
 39130 | Depths:1 | Entered Level 1 of the Depths
 39136 | Depths:1 | Received a gift from Trog
 39401 | Depths:1 | Found a one-way gateway to a ziggurat.
 39612 | Depths:1 | Found a gateway to Hell.
 40058 | Depths:1 | Found a snail-covered altar of Cheibriados.
 40086 | Depths:1 | Reached XP level 22. HP: 203/209 MP: 22/22
 40241 | Depths:2 | Found a one-way gate leading to the halls of Pandemonium.
 40879 | Depths:2 | Received a gift from Trog
 41306 | Depths:2 | Found a portal to a secret trove of treasure.
 41440 | Depths:2 | You paid a toll of +2 fire dragon scales to enter a
                  | treasure trove
 41441 | Trove    | Entered a treasure trove
 41446 | Trove    | Found the +5 Force Lance {heavy, knockback}
 41459 | Trove    | Identified the amulet "Viggev" {Faith Fly rN+ Dex-2}
 41475 | Trove    | Identified the +3 dagger of Roqup {antimagic, Str+3}
 41729 | Depths:2 | Identified the ring "Xyf Qamm" {Fly Dex+4}
 42337 | Depths:2 | Reached skill level 10 in Throwing
 42697 | Depths:3 | Reached skill level 27 in Axes
 42731 | Depths:3 | Found a magical portal.
 42736 | WizLab   | Entered Wucad Mu's Monastery
 42935 | WizLab   | Found the crystal ball of Wucad Mu {*channel}
 43077 | WizLab   | Reached XP level 23. HP: 217/217 MP: 23/23
 43637 | Depths:3 | Found a one-way gate to the infinite horrors of the Abyss.
 43820 | Depths:3 | HP: 5/218 [white very ugly thing[a glowing orange brain]
                  | (30)]
 43820 | Depths:3 | Mangled by a white very ugly thing

Illustrated notes

Levels and vault maps discovered:
D:1:      psy_arrival_radial01, layout_basic
D:2:      layout_loops_ring, mrwooster_statue_mirror, uniq_jessica, uniq_sigmund
D:3:      layout_rooms, chequers_ecumenical_altar_grove, minmay_surrounded,
          uniq_natasha
D:4:      layout_basic, kennysheep_windowed_goal
D:5:      layout_rooms, jmf_multi_god_temple2,
          mainiacjoe_overflow_large_starburst, minmay_temple_entry_junction,
          ebering_ghost_sewer_d
D:6:      minmay_recursive_quarters, layout_basic,
          grunt_temple_overflow_order_and_chaos_1, serial_shops, shop
D:7:      layout_rooms, gammafunk_ghost_icy, serial_shops, shop
D:8:      layout_loops_ring, serial_shops, nicolae_shop_tiny_statue_garden
D:9:      layout_loops_cross, grunt_qazlal_sundering, minitemple,
          erik_lair_island, uniq_maurice, uniq_jeremiah
D:10:     cheibrodos_fzero, layout_cave_pods, gammafunk_ghost_grave,
          minmay_misc_feat_four_crosses, uniq_grum
D:11:     layout_irregular_city, orc_0_dummy, uniq_urug, uniq_psyche
D:12:     layout_rooms
D:13:     layout_small_grid, david_vaults_3, uniq_kirke, uniq_azrael,
          uniq_nessos, uniq_erolcha
D:14:     layout_stronghold, minivault_23
D:15:     hangedman_depths_entry_civil_slaughter, layout_irregular_city,
          minivault_14
Temple:   nicolae_temple_god_jail
Lair:1:   layout_cave_pods, st_stairs_9, beast_lair_carwin_9, uniq_joseph
Lair:2:   layout_regular_city, infiniplex_staircase_pool_2, grunt_megastairs_3
Lair:3:   layout_cave_pods, elwin_shoals_entry_rocks,
          nicolae_spider_entry_non_spiders
Lair:4:   beast_lair_carwin_large_4, layout_cave_pods, dpeg_slime_entry_enclosed
Lair:5:   evilmike_catoblepas_cave, layout_cave_pods, grunt_megastairs_1,
          lemuel_fruit_fields
Shoals:1: layout_shoals, serial_shops, nicolae_shop_crystal, uniq_jorgrun,
          uniq_louise
Shoals:2: layout_shoals
Shoals:3: layout_shoals, beargit_guarded_unrand_captain_cutlass
Shoals:4: shoals_end_grunt_garden, layout_shoals,
          hellmonk_ghost_happy_afterlife, lightli_airlock
Spider:1: layout_spider_delve
Spider:2: layout_cave_pods
Spider:3: layout_spider_delve, hangedman_spider_tarantella_strand
Spider:4: spider_rune_water
Orc:1:    layout_diamond_mine, serial_shops, shop
Orc:2:    grunt_orc_community_town_hall, layout_diamond_mine,
          grunt_orc_community_big_house_2, grunt_orc_community_big_house_1,
          grunt_orc_community_house_1, grunt_orc_community_house_2,
          grunt_orc_community_house_3, grunt_orc_community_house_2,
          grunt_orc_community_house_3, grunt_orc_community_house_1
Elf:1:    nicolae_elf_arrival_aired_out, layout_geoelf_grid, evilmike_minifort,
          st_stairs_1
Elf:2:    nicolae_elf_blades_splatter_lattice
          [nicolae_blade_entry_area_security], layout_gridlike, serial_shops,
          nicolae_shop_hallway_stairs, moated_statue
Elf:3:    elf_hall, layout_gridlike, serial_shops, nicolae_shop_rolling_square,
          minmay_shop_grove, grunt_megastairs_2
Vaults:1: v_rooms_6, ontoclasm_vaults_ring_small, hangedman_vaults_river_flow,
          ontoclasm_vaults_loading_screen, nicolae_vaults_steering_wheel,
          nicolae_vaults_hallways_thing, nicolae_vaults_stepped_doors,
          nicolae_vaults_trapezoid_lopsided_4, nicolae_vaults_frosty_reception,
          hangedman_vaults_corner, ontoclasm_vaults_idyll, layout_vaults_maze,
          serial_glass
Vaults:2: v_misc_29, nicolae_vaults_storage_closets_1,
          grunt_vaults_hallway_long, nicolae_vaults_circle_grid_a,
          nicolae_vaults_closet_pinwheel_6, vaults_room_door_hall,
          hangedman_vaults_slice, vaults_standard_mumra_enter_the_diamond,
          nicolae_vaults_trapezoid_2, nicolae_vaults_halls_meeting,
          nicolae_vaults_double_plus_2, ontoclasm_vaults_gateway,
          serial_library_hellmonk_semicircle, layout_vaults_omnicross
Vaults:3: ontoclasm_vaults_misaligned, nicolae_vaults_trapezoid_3,
          dpeg_vaults_monster_row, nicolae_vaults_apartment_2,
          vaults_room_door_hall, nicolae_vaults_two_Ls, v_misc_22, v_misc_15,
          nicolae_vaults_windows_and_doors_thing,
          minmay_crypt_entry_skeletal_spiral, nicolae_vaults_little_squares_5,
          v_pattern_4, hangedman_vaults_capsules,
          nicolae_vaults_diagonal_hallway_7, vaults_room_door_ring,
          nicolae_vaults_door_testing_chamber, layout_vaults_omnibox
Vaults:4: nicolae_vaults_ring_of_whatevers, vaults_mumra_hexcomb,
          vaults_dpeg_ring, nicolae_vaults_two_Ls, nicolae_vaults_specimen_jars,
          nicolae_vaults_surprise_closet, layout_vaults_omnigrid
Depths:1: nicolae_cairo_tiling_very_big, layout_cave_pools, enter_ziggurat_b,
          pf_hell_entry_tar_spiral, nicolae_figureground_pulse,
          chei_slow_surprise
Depths:2: gammafunk_mikee_crab_dinner, layout_gridlike, grunt_pan_entry_spiral,
          nicolae_trove_entry_path_of_doom, grunt_hell_entry_dis_mu
Depths:3: dreamdust_merry_men, layout_long_grid, abyss_entry_glasseish,
          hangedman_abyss_or_decor_jellyfish_corner, mu_enter_wizlab_1,
          hangedman_geh_valley, drop_trap

Skill      XL: |  1  2  3  4  5  6  7  8  9 10 11 12 13 14 15 16 17 18 19 20 21 22 |
---------------+-------------------------------------------------------------------+-----
Axes           | 5 6 8 10 11 12 14 16 17 18 19 20 21 22 23 24 25 26 27 | 27.0
Throwing       | 3 5 6 8 9 10 | 10.0
Evocations     | 5 8 10 11 12 13 14 15 16 17 18 | 18.2
Fighting       | 4 7 9 11 13 14 16 17 18 19 20 | 20.8
Armour         | 3 6 9 10 12 14 15 16 17 18 | 18.6
Dodging        | 2 4 6 8 9 10 11 12 | 12.9

Action                     |  1- 3 |  4- 6 |  7- 9 | 10-12 | 13-15 | 16-18 | 19-21 | 22-24 || total
---------------------------+-------+-------+-------+-------+-------+-------+-------+-------++-------
  Melee: Hand axe          |    96 |   110 |   424 |   479 |       |       |       |       ||  1109
         Punch             |       |     2 |     3 |    12 |       |       |       |       ||    17
         War axe           |       |       |       |   205 |       |       |       |       ||   205
         Broad axe         |       |       |       |    84 |       |       |       |       ||    84
         Executioner's axe |       |       |       |    11 |   712 |   899 |   870 |   264 ||  2756
         Unarmed           |       |       |       |       |    12 |       |       |       ||    12
  Throw: Boomerang         |       |       |       |    67 |     5 |    46 |    80 |    17 ||   215
         Dart              |       |       |       |    35 |     1 |     1 |       |       ||    37
         Javelin           |       |       |       |     1 |       |     3 |    19 |       ||    23
 Invoke: Berserk           |       |     2 |     8 |    11 |     4 |     2 |     2 |       ||    29
         Brothers in Arms  |       |       |     1 |     2 |       |     3 |     2 |       ||     8
         Trog's Hand       |       |       |       |       |       |     1 |       |       ||     1
  Evoke: Wand              |       |       |     1 |     9 |     2 |    21 |     3 |     3 ||    39
         Box of beasts     |       |       |       |       |       |     2 |     3 |     1 ||     6
    Use: Scroll            |       |       |    13 |     8 |     6 |    13 |     2 |     4 ||    46
         Potion            |       |       |       |     2 |       |     3 |     4 |     3 ||    12
   Stab: Sleeping          |     1 |       |       |     2 |     1 |     6 |     4 |       ||    14
         Paralysed         |       |       |     4 |    19 |     2 |       |     3 |       ||    28
         Invisible         |       |       |       |     1 |       |       |       |       ||     1
         Petrified         |       |       |       |       |     3 |       |       |       ||     3
         Distracted        |       |       |       |       |     2 |     1 |     3 |       ||     6
 Armour: Animal skin       |    55 |    39 |       |       |       |       |       |       ||    94
         Scale mail        |       |    11 |   264 |       |       |       |       |       ||   275
         Ring mail         |       |       |    30 |   654 |   514 |   947 |   590 |   255 ||  2990
         Skin              |       |       |       |       |     6 |       |       |       ||     6
  Dodge: Dodged            |    46 |    54 |   167 |   307 |   369 |   568 |   430 |   194 ||  2135
